 Dungeon Crawl Stone Soup version 0.27.1-33-g824d729ab1 (webtiles) character file.

Game seed: 3133776035708273481

1612 Sarah the Archer (level 9, -1/68 HPs)
             Began as a Human Hunter on Dec 25, 2021.
             Was a Plaything of Xom.
             Slain by a yak (6 damage)
             ... on level 5 of the Dungeon.
             The game lasted 00:32:27 (4732 turns).

Sarah the Archer (Human Hunter)                     Turns: 4732, Time: 00:32:29

Health: -1/68      AC:  7    Str: 13      XL:     9   Next: 16%
Magic:  9/9        EV: 10    Int: 12      God:    Xom [*.....]
Gold:   137        SH:  0    Dex: 15 (16) Spells: 8/8 levels left

rFire    + . .     SeeInvis .   g - +1 whip (elec)
rCold    . . .     Faith    .   (no shield)
rNeg     + . .     Spirit   .   r - +0 scale mail {rF+}
rPois    .         Reflect  .   (no helmet)
rElec    .         Harm     .   (no cloak)
rCorr    .         Rampage  .   (no gloves)
Will     .....                  (no boots)
Stlth    ..........             (no amulet)
HPRegen  0.21/turn              s - ring of positive energy
MPRegen  0.11/turn              (no ring)

@: no status effects
A: no striking features
a: Renounce Religion


You were on level 5 of the Dungeon.
You worshipped Xom.
You were a special plaything of Xom.
You visited 1 branch of the dungeon, and saw 5 of its levels.

You collected 161 gold pieces.
You spent 24 gold pieces at shops.

Inventory:

Hand Weapons
 a - a +1 shortbow
 g - a +1 whip of electrocution (weapon)
 k - the +9 heavy crossbow "Sniper" {vorpal, Acc+∞ SInv}
   (You found it on level 4 of the Dungeon)

   Any ammunition fired from it inflicts extra damage upon your enemies.
   Any ammunition fired from it never misses its target.
   SInv:      It lets you see invisible.
Missiles
 d - 13 arrows
 j - 41 sling bullets
 o - 14 bolts
Armour
 b - +0 steam dragon scales
 e - a +0 plate armour
 r - a +0 scale mail of fire resistance (worn)
Jewellery
 s - a ring of positive energy (left hand)
Wands
 m - a wand of flame (25)
Scrolls
 f - a scroll of amnesia
 l - a scroll of noise
Potions
 c - 2 potions of brilliance
 h - a potion of flight
 n - a potion of attraction


   Skills:
 + Level 5.0 Fighting
 + Level 0.2 Short Blades
 + Level 2.9 Maces & Flails
 + Level 8.8 Bows
 + Level 4.4 Armour
 + Level 2.5 Dodging
 + Level 1.0 Stealth
 + Level 0.4 Evocations


You had 8 spell levels left.
You didn't know any spells.
Your spell library was empty.

Dungeon Overview and Level Annotations

Branches:
Dungeon (5/15)
 Temple: D:4-7

Altars:
Cheibriados
Kikubaaqudgha
Nemelex Xobeh
Trog
Vehumet
Wu Jian
Xom

Shops:
D:1 ***   D:2 *   D:3 (


Message History

You feel clumsy.
You are now a plaything of Xom.
The yak gores you!
You miss the yak.
The yak is lightly wounded.
Xom titters.
You are confused.
The yak looks rather confused.
The jelly looks rather confused.
You are now a beloved toy of Xom.
You bump into the rock wall.
You closely miss the yak.
The yak is lightly wounded.
The yak closely misses you.
You bump into the rock wall.
The yak gores you.
You're too confused to move!
The yak gores you!!
* * * LOW HITPOINT WARNING * * *
You are too confused!
You bump into the rock wall.
You feel less confused. The yak barely misses you.
The yak seems less confused. "Serve the toy, my child!"
You are now a special plaything of Xom.
The yak gores your white imp!
Your white imp dies!
Your white imp disappears in a puff of smoke!
Okay, then.
Aiming: Throw Flame
Press: ? - help, Shift-Dir - straight line, f - yak
Aim: a yak (lightly wounded, strong, unusually agile, 60% to hit)
The puff of flame hits the yak but does no damage.
The yak is lightly wounded.
Aiming: Throw Flame
Press: ? - help, Shift-Dir - straight line, f/p - yak
Aim: a yak (lightly wounded, strong, unusually agile, 60% to hit)
The puff of flame hits the yak.
The yak is lightly wounded.
The yak gores you.
You die...
Xom chuckles heartily!

#..##.# #.# #.# .###
##..##.# #.# #.# ...#
.......... #.# #.# .#.#[.
#..##########.## ##.###....
.....#######...#####...#..#
.....#.......#.......#...#
...........#...#####...###
.....#.### ##.##.# ##.##
.....#. #.#.#@# ### .....#.
#.#.#Y# ....... #.#.#.#
...###.#####)#.#.#
...............#.#
.....#..####.###.#
.............# #.#
........###### #.#
#######.# #.#


You could see a yak (strong, agile).

Vanquished Creatures
  Grinder (D:3)
  Dowan (D:5)
  A yak (D:5)
  A steam dragon (D:3)
  Menkaure (D:4)
  A black bear (D:3)
  2 ogres (D:4)
  2 scorpions (D:5)
  Jessica (D:3)
  Ijyb (D:2)
  Terence (D:3)
  An iguana (D:4)
  An orc wizard (D:3)
  A howler monkey zombie (D:5)
  7 adders
  An adder skeleton (D:4)
  6 dart slugs
  7 orcs
  7 ball pythons
  6 endoplasms
  3 giant cockroaches
  13 goblins
  4 hobgoblins
  9 jackals
  9 kobolds
  2 quokkas (D:1)
  5 bats
  2 frilled lizards
  6 rats
103 creatures vanquished.

Vanquished Creatures (collateral kills)
  A yak (D:5)
  Duvessa (D:5)
2 creatures vanquished.

Vanquished Creatures (others)
  A yak (D:5)
1 creature vanquished.

Grand Total: 106 creatures vanquished

Notes
Turn   | Place    | Note
-------+----------+-------------------------------------------
     0 | D:1      | Sarah the Human Hunter began the quest for the Orb.
     0 | D:1      | Reached XP level 1. HP: 16/16 MP: 1/1
    63 | D:1      | Found a faded altar of an unknown god.
    72 | D:1      | Became a worshipper of Xom of Chaos
   176 | D:1      | Found Muennalokk's General Store.
   221 | D:1      | Found Ekhlaozu's Assorted Antiques.
   247 | D:1      | Reached XP level 2. HP: 22/22 MP: 2/2
   341 | D:1      | XOM: cloud trail
   394 | D:1      | Found Ymnai's General Store.
   554 | D:1      | Reached XP level 3. HP: 27/27 MP: 3/3
   794 | D:1      | XOM: silly message
  1011 | D:2      | Noticed Ijyb
  1023 | D:2      | Reached skill level 5 in Bows
  1023 | D:2      | Killed Ijyb
  1024 | D:2      | Reached XP level 4. HP: 23/33 MP: 4/4
  1198 | D:2      | Found Mayhiqez's General Store.
  1292 | D:2      | Reached XP level 5. HP: 29/39 MP: 5/5
  1607 | D:2      | XOM: silly message
  1684 | D:2      | Found a bloodstained altar of Trog.
  1996 | D:1      | Bought a scroll of identify for 24 gold pieces
  2203 | D:3      | Found a sparkling altar of Nemelex Xobeh.
  2244 | D:3      | Found Hauqal's Weapon Shoppe.
  2322 | D:3      | Found an ancient bone altar of Kikubaaqudgha.
  2531 | D:3      | Noticed a steam dragon
  2532 | D:3      | XOM: potion effect (brilliance)
  2535 | D:3      | XOM: silly message
  2541 | D:3      | Killed a steam dragon
  2541 | D:3      | Noticed Terence
  2542 | D:3      | Reached skill level 1 in Maces & Flails
  2542 | D:3      | Reached skill level 6 in Bows
  2542 | D:3      | Reached skill level 1 in Armour
  2542 | D:3      | Reached XP level 6. HP: 25/47 MP: 6/6
  2548 | D:3      | Killed Terence
  2559 | D:3      | Noticed Grinder
  2583 | D:3      | Paralysed by Grinder for 6 turns
  2590 | D:3      | Paralysed by Grinder for 4 turns
  2595 | D:3      | Killed Grinder
  2596 | D:3      | Reached XP level 7. HP: 6/52 MP: 7/7
  2714 | D:3      | XOM: silly message
  2720 | D:3      | XOM: silly message
  3059 | D:3      | Noticed Jessica
  3062 | D:3      | Killed Jessica
  3074 | D:3      | Found a radiant altar of Vehumet.
  3103 | D:3      | Found a snail-covered altar of Cheibriados.
  3204 | D:3      | Reached skill level 7 in Bows
  3264 | D:4      | Noticed Menkaure
  3266 | D:4      | XOM: noise
  3268 | D:4      | Killed Menkaure
  3269 | D:4      | Reached XP level 8. HP: 48/60 MP: 8/8
  3279 | D:4      | XOM: 1-stop teleportation journey
  3413 | D:4      | Found the +9 heavy crossbow "Sniper" {vorpal, Acc+∞ SInv}
  3770 | D:4      | Reached skill level 8 in Bows
  3777 | D:4      | XOM: stat loss: -1 Dex (15/16)
  3780 | D:4      | XOM: summons 5 hostile demons
  4158 | D:4      | XOM: silly message
  4219 | D:4      | XOM: summons 1 hostile demon
  4452 | D:5      | XOM: stealth player
  4452 | D:5      | Entered Level 5 of the Dungeon
  4486 | D:5      | Found an ornate altar of the Wu Jian Council.
  4489 | D:5      | Noticed Duvessa
  4489 | D:5      | Noticed Dowan
  4501 | D:5      | Killed Duvessa
  4545 | D:5      | Killed Dowan
  4632 | D:5      | Reached XP level 9. HP: 63/67 MP: 9/9
  4677 | D:5      | XOM: chaos cloud
  4707 | D:5      | Reached skill level 5 in Fighting
  4713 | D:5      | XOM: stat loss: -1 Dex (15/16)
  4714 | D:5      | XOM: confusion (+ monsters)
  4718 | D:5      | HP: 2/68 [yak (23)]
  4726 | D:5      | XOM: summons friendly white imp
  4732 | D:5      | Slain by a yak

Illustrated notes

Levels and vault maps discovered:
D:1:      tarquinn_simple_flora_water_c, layout_loops_corners,
          ebering_ecumenical_altar_petrified, serial_shops,
          nicolae_shop_window_shopping, nicolae_shop_waterfront,
          nicolae_shop_stone
D:2:      kennysheep_the_goblin_king, layout_basic, serial_shops, shop,
          basic_altar
D:3:      layout_loops_ring, mainiacjoe_overflow_swirl, lemuel_crystal_altar,
          mainiacjoe_overflow_tiny_flanked, serial_shops, shop, uniq_terence,
          uniq_grinder, uniq_jessica
D:4:      layout_layer_cave, minmay_misc_feat_doors, uniq_menkaure
D:5:      layout_loops_ring, elyvilon_altar_5, lemuel_round_altar,
          minmay_misc_feat_tower, roderic_batcave, uniq_duvessa, uniq_pikel

Skill      XL: |  1  2  3  4  5  6  7  8  9 |
---------------+----------------------------+-----
Bows           | 5 6 7 8 |  8.8
Fighting       | 3 4 5 |  5.0
Maces & Flails | 1 2 |  2.9
Armour         | 1 2 3 4 |  4.4
Short Blades   | |  0.2
Dodging        | |  2.5
Stealth        | |  1.0
Evocations     | |  0.4

Action                   |  1- 3 |  4- 6 |  7- 9 || total
-------------------------+-------+-------+-------++-------
Melee: Short sword       |    10 |       |       ||    10
       Whip              |    22 |    46 |   105 ||   173
 Fire: Shortbow          |    55 |    51 |    95 ||   201
Evoke: Wand              |       |       |     6 ||     6
  Use: Potion            |     1 |     5 |     6 ||    12
       Scroll            |       |     5 |     6 ||    11
Armor: Plate armour      |    61 |    62 |    86 ||   209
Dodge: Dodged            |     5 |    13 |    37 ||    55
